 Dungeon Crawl Stone Soup version 0.18.1-8-gdd0e5ea (webtiles) character file.

488 matakusis the Caller (level 6, 0/41 HPs)
             Began as a Demonspawn Wizard on June 11, 2016.
             Was an Initiate of Sif Muna.
             Slain by a centaur (1 damage)
             ... on level 6 of the Dungeon.
             The game lasted 00:34:22 (5436 turns).

matakusis the Caller (Demonspawn Wizard)            Turns: 5436, Time: 00:34:23

Health: 0/41       AC:  6    Str: 14    XL:     6   Next: 90%
Magic:  1/13       EV: 12    Int: 18    God:    Sif Muna [......]
Gold:   222        SH:  0    Dex: 11    Spells: 4 memorised, 7 levels left

rFire  . . .     SeeInvis .     u - +4 spear "Woefram" {flame, Str+6 Int-3}
rCold  . . .     Gourm    .     (no armour)
rNeg   . . .     Faith    .     (no shield)
rPois  .         Spirit   .     b - +0 hat
rElec  .         Dismiss  .     v - +0 cloak
rCorr  .         Reflect  .     e - +1 pair of gloves
SustAt .         Harm     .     (no boots)
MR     .....                    (no amulet)
Stlth  ++........               (no ring)
                                (no ring)

@: not resistant to hostile enchantments, unstealthy
A: talons 1, yellow scales 2, powered by death 1, rot immunity
a: Renounce Religion


You were on level 6 of the Dungeon.
You worshipped Sif Muna.
Sif Muna was noncommittal.
You were hungry.

You visited 1 branch of the dungeon, and saw 6 of its levels.

You collected 222 gold pieces.

Inventory:

Hand Weapons
 u - the +4 spear "Woefram" (weapon) {flame, Str+6 Int-3}
   (You found it on level 5 of the Dungeon)

   It has been specially enchanted to burn those struck by it, causing extra
   injury to most foes and up to half again as much damage against particularly
   susceptible opponents.
   It affects your strength (+6).
   It affects your intelligence (-3).
 y - a +2 vampiric dagger
Armour
 b - a +0 hat (worn)
 e - a +1 pair of gloves (worn)
 i - a +0 buckler
 s - a +0 troll leather armour
 v - a +0 cloak (worn)
Magical Staves
 j - an uncursed staff of cold
Jewellery
 w - a +3 ring of dexterity {unknown}
Wands
 a - a wand of teleportation (3/9)
 g - a wand of random effects (48/48)
 q - a wand of polymorph (10/24)
Scrolls
 f - 3 scrolls of identify
 l - a scroll of remove curse
 n - 3 scrolls of teleportation
 r - a scroll of amnesia
Potions
 h - a potion of ambrosia
 k - 3 potions of agility
 o - 3 potions of curing
 p - a potion of brilliance
Books
 c - a book of Minor Magic

   Spells                             Type                      Level
   a - Magic Dart                     Conjuration                  1
   b - Blink                          Translocation                2
   c - Call Imp                       Summoning                    2
   d - Repel Missiles                 Charms/Air                   2
   e - Slow                           Hexes                        2
   f - Conjure Flame                  Conjuration/Fire             3
   g - Mephitic Cloud                 Conjuration/Poison/Air       3
Comestibles
 d - 4 bread rations
 m - a meat ration


   Skills:
 + Level 0.1 Polearms
 - Level 1.7 Dodging
 - Level 1.7 Stealth
 + Level 5.1 Spellcasting
 + Level 1.6 Conjurations
 * Level 5.3 Summonings
 - Level 0.8 Translocations


You had 7 spell levels left.
You knew the following spells:

 Your Spells              Type           Power        Failure   Level  Hunger
a - Magic Dart            Conj           ##..         10%         1    None
b - Call Imp              Summ           ###.....     1%          2    #......
c - Blink                 Tloc           N/A          14%         2    #......
d - Conjure Flame         Conj/Fire      #.......     30%         3    ##.....


Dungeon Overview and Level Annotations

Branches:
Dungeon (6/15)
 Temple: D:4-7

Altars:
Ashenzari
Dithmenos
Elyvilon
Fedhas
Makhleb
Okawaru
Pakellas
Sif Muna
Trog
Vehumet
The Shining One


Innate Abilities, Weirdness & Mutations

You are mostly covered in yellow scales (AC +3).
You regenerate a little health from kills.
You are immune to rotting.
You have sharp toenails.


Message History

Press: ? - help, Shift-Dir - straight line, f - centaur
Aim: a centaur, wielding a shortbow The magic dart hits the centaur.
The centaur unwields an uncursed shortbow.
The centaur barely misses you.
Casting: Magic Dart
Confirm with . or Enter, or press ? or * to list all spells.
Aiming: Magic Dart
Press: ? - help, Shift-Dir - straight line, f/p - centaur
Aim: a centaur The magic dart hits the centaur.
The centaur barely misses you. The centaur hits you.
* * * LOW HITPOINT WARNING * * *
You hit the centaur but do no damage. The centaur hits you.
* * * LOW HITPOINT WARNING * * *
Your magical contamination has completely faded away.
You puncture the centaur! You burn the centaur. Your kick misses the centaur.
The centaur is heavily wounded.
The centaur barely misses you. The centaur hits you.
You die...

#....###......#.#########
#.#####.......#.5.#.....#
#........###.####.#.#.#.####
#.#####..# #..#.....#.#....# #.#
##.###..#.#.###.###..# #.#
##...#...#.#.....#..# #.#
##.######.#######..###### #.#
#.#####..≈≈≈≈≈≈≈........ #.#
#......@.#######........ #.#
####..#c.#.....#.......§
#.###########..##.###.###....)#..
#............)......#.#.........§
######.######..####.#.#.......#..
#.# #..# #...........).. #.# #.c#
#.#.#.....(.###
#.######..####.........(.)..
#....[..............#.....c.


You could see a centaur.

Vanquished Creatures
  A water moccasin zombie (D:6)
  A centaur skeleton (D:6)
  An ooze (D:6)
  6 orcs
  7 bats
  A giant cockroach (D:1)
  3 goblins
  2 hobgoblins (D:1)
  5 jackals (D:4)
  3 quokkas
  A giant newt (D:1)
  A kobold (D:1)
  3 rats
35 creatures vanquished.

Vanquished Creatures (collateral kills)
  An ogre (D:6)
  2 giant frogs
  A crimson imp (D:6)
  A hound (D:3)
  3 orc wizards (D:6)
  Terence (D:2)
  An iguana (D:4)
  Ijyb (D:3)
  A worker ant (D:4)
  A hound zombie (D:5)
  A worker ant zombie (D:6)
  3 adders (D:2)
  2 oozes
  An adder zombie (D:5)
  3 worms
  A dart slug (D:1)
  3 giant geckos (D:2)
  9 orcs
  4 giant cockroaches
  6 goblins
  6 hobgoblins
  A jackal (D:4)
  3 kobolds
  2 quokkas
  3 giant newts
  5 rats
66 creatures vanquished.

Vanquished Creatures (others)
  An orc wizard (D:6)
  An adder (D:6)
  An orc (D:6)
3 creatures vanquished.

Grand Total: 104 creatures vanquished

Notes
Turn   | Place    | Note
--------------------------------------------------------------
     0 | D:1      | matakusis the Demonspawn Wizard began the quest for the Orb.
     0 | D:1      | Reached XP level 1. HP: 13/13 MP: 4/4
   195 | D:1      | Gained mutation: You are partially covered in yellow scales (AC +2). [demonic ancestry]
   195 | D:1      | Reached XP level 2. HP: 11/19 MP: 0/6
   282 | D:1      | Learned a level 2 spell: Call Imp
   285 | D:1      | Learned a level 2 spell: Blink
  1164 | D:1      | Gained mutation: You have sharp toenails. [potion of mutation]
  1164 | D:1      | Gained mutation: You are weak. (Str -2) [potion of mutation]
  1164 | D:1      | Gained mutation: You are dopey. (Int -2) [potion of mutation]
  1378 | D:2      | Found a shattered altar of Ashenzari.
  1395 | D:2      | Found an oddly glowing altar of Pakellas.
  1480 | D:2      | Gained mutation: You are mostly covered in yellow scales (AC +3). [demonic ancestry]
  1480 | D:2      | Reached XP level 3. HP: 15/24 MP: 1/8
  1941 | D:2      | Noticed Terence
  1960 | D:2      | Killed Terence
  2085 | D:2      | Gained mutation: You regenerate a little health from kills. [demonic ancestry]
  2085 | D:2      | Reached XP level 4. HP: 30/30 MP: 3/10
  2131 | D:2      | Learned a level 3 spell: Conjure Flame
  2166 | D:2      | Found an iron altar of Okawaru.
  2449 | D:3      | Noticed Ijyb
  2483 | D:3      | Killed Ijyb
  2530 | D:3      | Found a blossoming altar of Fedhas.
  2813 | D:3      | Found a white marble altar of Elyvilon.
  2992 | D:3      | Found a burning altar of Makhleb.
  3191 | D:4      | Reached XP level 5. HP: 6/35 MP: 3/11
  3321 | D:4      | Found a shadowy altar of Dithmenos.
  3446 | D:4      | Found a glowing golden altar of the Shining One.
  3554 | D:4      | Found a bloodstained altar of Trog.
  3731 | D:5      | Entered Level 5 of the Dungeon
  4199 | D:5      | Got a scorched spear
  4205 | D:5      | Identified the +4 spear "Woefram" {flame, Str+6 Int-3} (You found it on level 5 of the Dungeon)
  4713 | D:6      | Gained mutation: You are immune to rotting. [demonic ancestry]
  4713 | D:6      | Reached XP level 6. HP: 38/41 MP: 12/12
  4720 | D:6      | Found a deep blue altar of Sif Muna.
  4733 | D:6      | Became a worshipper of Sif Muna the Loreminder
  4879 | D:6      | Found a radiant altar of Vehumet.
  5171 | D:6      | Reached skill level 5 in Summonings
  5180 | D:6      | Reached skill level 5 in Spellcasting
  5387 | D:6      | Lost mutation: You are dopey. (Int -2) [potion of cure mutation]
  5387 | D:6      | Lost mutation: You are weak. (Str -2) [potion of cure mutation]
  5435 | D:6      | HP: 1/41 [centaur (6)]
  5436 | D:6      | Slain by a centaur

Skill      XL: |  1  2  3  4  5  6 |
---------------+-------------------+-----
Summonings     | 2 3 4 5 |  5.3
Spellcasting   | 4 5 |  5.1
Polearms       | |  0.1
Dodging        | |  1.7
Stealth        | |  1.7
Conjurations   | |  1.6
Translocations | |  0.8

Action                   |  1- 3 |  4- 6 || total
-------------------------+-------+-------++-------
Melee: Unarmed           |    55 |    36 ||    91
       Kick              |     3 |    22 ||    25
       Long sword        |       |    14 ||    14
       Whip              |       |    20 ||    20
       Spear             |       |    58 ||    58
 Cast: Magic Dart        |    35 |    22 ||    57
       Call Imp          |    35 |    72 ||   107
       Conjure Flame     |       |     2 ||     2
  Use: Potion            |     8 |     4 ||    12
       Scroll            |     5 |     6 ||    11
 Stab: Sleeping          |       |     2 ||     2
       Distracted        |       |     1 ||     1
  Eat: Chunk             |     5 |    11 ||    16
       Meat ration       |       |     1 ||     1
       Bread ration      |       |     1 ||     1
       Beef jerky        |       |     1 ||     1
Armor: Robe              |    28 |    23 ||    51
       Skin              |       |     8 ||     8
       Troll leather arm |       |     3 ||     3
Dodge: Dodged            |    42 |    87 ||   129
